| TOP OF THE 1ST |
|
Oakland Athletics batting - Pitching for Minnesota Twins : RHP Mike Moon
|
|
Pitching: RHP Mike Moon
|
|
|
Batting: RHB Muneo Kawachi
|
0-0: Ball 1-0: Swinging Strike 1-1: Ground out U3 (Groundball, 13, EV 86.9 MPH)
|
|
Batting: RHB C.J. Beavers
|
0-0: Ball 1-0: Ball 2-0: Ball 3-0: Base on Balls
|
|
Batting: SHB Jerry Luckwell
|
0-0: Ball C.J. Beavers steals 2nd base 1-0: Foul Ball, location: 2F 1-1: Called Strike 1-2: Ground out 4-3 (Groundball, 4D, EV 98.8 MPH) C.J. Beavers to third
|
|
Batting: LHB Sakae Kasahara
|
0-0: Foul Ball, location: 2F 0-1: Called Strike 0-2: Fly out, F7 (Flyball, 7, EV 91.2 MPH)
|
| Top of the 1st over - 0 runs, 0 hits, 0 errors, 1 left on base; Oakland 0 - Minnesota 0 |
| BOTTOM OF THE 1ST |
|
Minnesota Twins batting - Pitching for Oakland Athletics : RHP Franklin Rojas
|
|
Pitching: RHP Franklin Rojas
|
|
|
Batting: RHB Miguel Diaz
|
0-0: DOUBLE (Line Drive, 78XD, EV 103.1 MPH)
|
|
Batting: LHB Ryan Flynn Jr.
|
0-0: Called Strike 0-1: Ball 1-1: Swinging Strike 1-2: Foul Ball, location: 2F 1-2: Strikes out looking
|
|
Batting: LHB Ricardo Batista
|
0-0: Foul Ball, location: 2F 0-1: Ball 1-1: Ball 2-1: SINGLE (Flyball, 6MD, EV 95.6 MPH) Miguel Diaz to third
|
|
Batting: RHB Miguel Gonzalez
|
0-0: Called Strike 0-1: Swinging Strike 0-2: Ball 1-2: Ball 2-2: Strikes out swinging
|
|
Batting: RHB Matt Dunn
|
0-0: Called Strike 0-1: DOUBLE (Line Drive, 89D, EV 110.6 MPH) Miguel Diaz scores Ricardo Batista to third
|
|
Batting: RHB Will Leslie
|
0-0: Called Strike 0-1: Ball 1-1: Ground out 5-3 (Groundball, 56, EV 110.0 MPH)
|
| Bottom of the 1st over - 1 run, 3 hits, 0 errors, 2 left on base; Oakland 0 - Minnesota 1 |
| TOP OF THE 2ND |
|
Oakland Athletics batting - Pitching for Minnesota Twins : RHP Mike Moon
|
|
Batting: RHB Randy Shrewsbury
|
0-0: SINGLE (Groundball, 5S, EV 71.2 MPH) (infield hit)
|
|
Batting: SHB Quincy Bradford
|
0-0: Ball Randy Shrewsbury steals 2nd base (no throw) 1-0: DOUBLE (Flyball, 8LXD, EV 98.1 MPH) Randy Shrewsbury scores
|
|
Batting: LHB Tom Butterbaugh
|
0-0: Ground out U3 (Groundball, 34S, EV 88.8 MPH) Quincy Bradford to third
|
|
Batting: LHB R.J. O'Brien
|
0-0: Ball 1-0: Called Strike 1-1: Ball 2-1: Called Strike 2-2: Strikes out swinging
|
|
Batting: RHB Garry Hash
|
0-0: Ball 1-0: Ball 2-0: Swinging Strike 2-1: Swinging Strike 2-2: Strikes out swinging
|
| Top of the 2nd over - 1 run, 2 hits, 0 errors, 1 left on base; Oakland 1 - Minnesota 1 |
| BOTTOM OF THE 2ND |
|
Minnesota Twins batting - Pitching for Oakland Athletics : RHP Franklin Rojas
|
|
Batting: SHB Bran Stark
|
0-0: Ground out 6-3 (Groundball, 6M, EV 98.1 MPH)
|
|
Batting: LHB Harris Vink
|
0-0: Called Strike 0-1: Called Strike 0-2: Strikes out looking
|
|
Batting: RHB José Molina
|
0-0: Ball 1-0: Swinging Strike 1-1: SINGLE (Groundball, 56D, EV 100.0 MPH)
|
|
Batting: RHB Miguel Diaz
|
0-0: Called Strike 0-1: Foul Ball, location: 2F 0-2: Ball 1-2: SINGLE (Groundball, 6MD, EV 107.5 MPH) José Molina to second Runner from 2nd tries for 3rd, SAFE, throw by CF made to third
|
|
Batting: LHB Ryan Flynn Jr.
|
0-0: Ball 1-0: Ground out U3 (Groundball, 3, EV 111.9 MPH)
|
| Bottom of the 2nd over - 0 runs, 2 hits, 0 errors, 2 left on base; Oakland 1 - Minnesota 1 |
| TOP OF THE 3RD |
|
Oakland Athletics batting - Pitching for Minnesota Twins : RHP Mike Moon
|
|
Batting: RHB Muneo Kawachi
|
0-0: Called Strike 0-1: Ball 1-1: Called Strike 1-2: SOLO HOME RUN (Flyball, 89XD, EV 109.4 MPH), Distance : 402 ft
|
|
Batting: RHB C.J. Beavers
|
0-0: Ball 1-0: Ball 2-0: Foul Ball, location: 2F 2-1: Ball 3-1: Fly out, F9 (Line Drive, 89M, EV 92.5 MPH)
|
|
Batting: SHB Jerry Luckwell
|
0-0: Called Strike 0-1: Ball 1-1: Swinging Strike 1-2: Ball 2-2: Strikes out swinging
|
|
Batting: LHB Sakae Kasahara
|
0-0: Fly out, F9 (Flyball, 89D, EV 82.5 MPH)
|
| Top of the 3rd over - 1 run, 1 hit, 0 errors, 0 left on base; Oakland 2 - Minnesota 1 |
| BOTTOM OF THE 3RD |
|
Minnesota Twins batting - Pitching for Oakland Athletics : RHP Franklin Rojas
|
|
Batting: LHB Ricardo Batista
|
0-0: Called Strike 0-1: Ball 1-1: SINGLE (Groundball, 6M, EV 96.2 MPH)
|
|
Batting: RHB Miguel Gonzalez
|
0-0: Called Strike 0-1: Ball 1-1: Foul Ball, location: 2F 1-2: Ball 2-2: Ball 3-2: Foul Ball, location: 2F 3-2: Foul Ball, location: 2F 3-2: SINGLE (Line Drive, 89S, EV 105.6 MPH) Ricardo Batista to second
|
|
Batting: RHB Matt Dunn
|
0-0: Swinging Strike 0-1: SINGLE (Groundball, 56S, EV 65.0 MPH) (infield hit) Ricardo Batista to third Miguel Gonzalez to second
|
|
Batting: RHB Will Leslie
|
0-0: SINGLE (Groundball, 56, EV 106.9 MPH) (infield hit) Ricardo Batista scores Miguel Gonzalez to third Matt Dunn to second
|
|
Batting: SHB Bran Stark
|
0-0: Called Strike 0-1: Ball 1-1: Ball 2-1: Grounds into fielders choice 1-2 (Groundball, 13, EV 72.5 MPH) Matt Dunn to third Will Leslie to second
|
|
Batting: LHB Harris Vink
|
0-0: Foul Ball, location: 2F 0-1: Ball 1-1: Ball 2-1: Foul Ball, location: 2F 2-2: Strikes out looking
|
|
Batting: RHB José Molina
|
0-0: Called Strike 0-1: Called Strike 0-2: Strikes out swinging
|
| Bottom of the 3rd over - 1 run, 4 hits, 0 errors, 3 left on base; Oakland 2 - Minnesota 2 |
| TOP OF THE 4TH |
|
Oakland Athletics batting - Pitching for Minnesota Twins : RHP Mike Moon
|
|
Batting: RHB Randy Shrewsbury
|
0-0: Ball 1-0: Swinging Strike 1-1: Foul Ball, location: 2F 1-2: Foul Ball, location: 2F 1-2: Foul Ball, location: 2F 1-2: Strikes out swinging
|
|
Batting: SHB Quincy Bradford
|
0-0: Foul Ball, location: 2F 0-1: Ball 1-1: Ball 2-1: Foul Ball, location: 2F 2-2: Ball 3-2: Base on Balls
|
|
Batting: LHB Tom Butterbaugh
|
0-0: Ball 1-0: Foul Ball, location: 2F 1-1: Foul Ball, location: 2F 1-2: Ball 2-2: Grounds out, U3 (Groundball, 3L, EV 80.6 MPH)
|
|
Batting: LHB R.J. O'Brien
|
0-0: Ball 1-0: Called Strike 1-1: Ball 2-1: Called Strike 2-2: Ball 3-2: Ground out 5-3 (Groundball, 56S, EV 88.1 MPH)
|
| Top of the 4th over - 0 runs, 0 hits, 0 errors, 1 left on base; Oakland 2 - Minnesota 2 |
| BOTTOM OF THE 4TH |
|
Minnesota Twins batting - Pitching for Oakland Athletics : RHP Franklin Rojas
|
|
Batting: RHB Miguel Diaz
|
0-0: Ground out 5-3 (Groundball, 56, EV 110.0 MPH)
|
|
Batting: LHB Ryan Flynn Jr.
|
0-0: Called Strike 0-1: Ball 1-1: Ground out 4-3 (Groundball, 4, EV 80.6 MPH)
|
|
Batting: LHB Ricardo Batista
|
0-0: Fly out, F9 (Flyball, 89S, EV 85.0 MPH)
|
| Bottom of the 4th over - 0 runs, 0 hits, 0 errors, 0 left on base; Oakland 2 - Minnesota 2 |
| TOP OF THE 5TH |
|
Oakland Athletics batting - Pitching for Minnesota Twins : RHP Mike Moon
|
|
Batting: RHB Garry Hash
|
0-0: Called Strike 0-1: Ball 1-1: Ball 2-1: Swinging Strike 2-2: Reached via error on a dropped throw from 1B, E1 (Groundball, 34S, EV 83.8 MPH)
|
|
Batting: RHB Muneo Kawachi
|
0-0: Swinging Strike 0-1: Foul Ball, location: 2F 0-2: Foul Ball, location: 2F 0-2: Foul Ball, location: 2F 0-2: Foul Ball, location: 2F 0-2: Foul Ball, location: 2F 0-2: Ball 1-2: Ball 2-2: Foul Ball, location: 2F 2-2: Foul Ball, location: 2F 2-2: Ball 3-2: 2-RUN HOME RUN (Flyball, 78XD, EV 103.1 MPH), Distance : 393 ft
|
|
Batting: RHB C.J. Beavers
|
0-0: Ball 1-0: Fly out, F8 (Flyball, 89D, EV 75.0 MPH)
|
|
Batting: SHB Jerry Luckwell
|
0-0: Fly out, F8 (Flyball, 89M, EV 88.8 MPH)
|
|
Batting: LHB Sakae Kasahara
|
0-0: Foul Ball, location: 2F 0-1: Ball 1-1: Ball 2-1: Ground out 4-3 (Groundball, 34D, EV 99.4 MPH)
|
| Top of the 5th over - 2 runs, 1 hit, 1 error, 0 left on base; Oakland 4 - Minnesota 2 |
| BOTTOM OF THE 5TH |
|
Minnesota Twins batting - Pitching for Oakland Athletics : RHP Franklin Rojas
|
|
Batting: RHB Miguel Gonzalez
|
0-0: Called Strike 0-1: Foul Ball, location: 2F 0-2: Foul Ball, location: 2F 0-2: Ball 1-2: Ball 2-2: Strikes out looking
|
|
Batting: RHB Matt Dunn
|
0-0: Ground out 4-3 (Groundball, 34, EV 110.0 MPH)
|
|
Batting: RHB Will Leslie
|
0-0: Ball 1-0: Foul Ball, location: 2F 1-1: Swinging Strike 1-2: Strikes out swinging
|
| Bottom of the 5th over - 0 runs, 0 hits, 0 errors, 0 left on base; Oakland 4 - Minnesota 2 |
| TOP OF THE 6TH |
|
Oakland Athletics batting - Pitching for Minnesota Twins : RHP Mike Moon
|
|
Batting: RHB Randy Shrewsbury
|
0-0: SINGLE (Groundball, 6MD, EV 103.1 MPH)
|
|
Batting: SHB Quincy Bradford
|
0-0: SINGLE (Groundball, 34D, EV 101.2 MPH) Randy Shrewsbury to second Runner from 2nd tries for 3rd, SAFE, throw by RF made to third Quincy Bradford to second
|
|
Batting: LHB Tom Butterbaugh
|
0-0: Ball 1-0: Ball 2-0: Foul Ball, location: 2F 2-1: Called Strike 2-2: Ball 3-2: Fly out, F7 (Flyball, 7, EV 91.9 MPH) Runner from 3rd tags up, SCORES, no throw by LF
|
|
Pitching: RHP Tony Ramirez
|
|
|
Batting: LHB R.J. O'Brien
|
0-0: Ball 1-0: Ball 2-0: Called Strike 2-1: Ball 3-1: Called Strike 3-2: Foul Ball, location: 2F 3-2: Foul Ball, location: 2F 3-2: Base on Balls
|
|
Batting: RHB Garry Hash
|
0-0: Ball 1-0: Ball 2-0: Ball 3-0: Called Strike 3-1: DOUBLE (Line Drive, 89D, EV 106.9 MPH) Quincy Bradford scores R.J. O'Brien to third
|
|
Batting: RHB Muneo Kawachi
|
0-0: Called Strike 0-1: Ball 1-1: Foul Ball, location: 2F 1-2: Ball 2-2: Foul Ball, location: 2F 2-2: Fly out, F8 (Line Drive, 8LD, EV 84.4 MPH) Runner from 3rd tags up, SCORES, throw by CF Garry Hash to third
|
|
Batting: RHB C.J. Beavers
|
0-0: Ball 1-0: Called Strike 1-1: Ball 2-1: Ball 3-1: Foul Ball, location: 2F 3-2: Reached on error, E3 (Groundball, 34, EV 91.2 MPH) Garry Hash scores
|
|
Batting: SHB Jerry Luckwell
|
0-0: Ball 1-0: Ball 2-0: Ball 3-0: Base on Balls C.J. Beavers to second
|
|
Batting: LHB Sakae Kasahara
|
0-0: Ball 1-0: Ball 2-0: Ground out 1-3 (Groundball, 15S, EV 72.5 MPH)
|
| Top of the 6th over - 4 runs, 3 hits, 1 error, 2 left on base; Oakland 8 - Minnesota 2 |
| BOTTOM OF THE 6TH |
|
Minnesota Twins batting - Pitching for Oakland Athletics : RHP Franklin Rojas
|
|
Batting: SHB Bran Stark
|
0-0: SINGLE (Flyball, 89S, EV 91.2 MPH)
|
|
Batting: LHB Harris Vink
|
0-0: Ball 1-0: Foul Ball, location: 2F 1-1: Ball 2-1: Ball 3-1: Called Strike 3-2: Base on Balls Bran Stark to second
|
|
Batting: RHB José Molina
|
0-0: Called Strike 0-1: Ball 1-1: Foul Ball, location: 2F 1-2: Strikes out swinging
|
|
Batting: RHB Miguel Diaz
|
0-0: Swinging Strike 0-1: SINGLE (Flyball, 78S, EV 85.0 MPH) Bran Stark to third Harris Vink to second
|
|
Batting: LHB Ryan Flynn Jr.
|
0-0: Ball 1-0: Foul Ball, location: 2F 1-1: Ball 2-1: Ball 3-1: Foul Ball, location: 2F 3-2: Base on Balls Bran Stark scores Harris Vink to third Miguel Diaz to second
|
|
Batting: LHB Ricardo Batista
|
0-0: Foul Ball, location: 2F 0-1: Foul Ball, location: 2F 0-2: Fly out, F4 (Line Drive, 34, EV 75.6 MPH)
|
|
Pitching: RHP Elijah Everett
|
|
|
Batting: RHB Miguel Gonzalez
|
0-0: Called Strike 0-1: Foul Ball, location: 2F 0-2: Ball 1-2: Ball 2-2: Ball 3-2: Fly out, F3 (Line Drive, 3, EV 72.5 MPH)
|
| Bottom of the 6th over - 1 run, 2 hits, 0 errors, 3 left on base; Oakland 8 - Minnesota 3 |
| TOP OF THE 7TH |
|
Oakland Athletics batting - Pitching for Minnesota Twins : RHP Tony Ramirez
|
|
Batting: RHB Randy Shrewsbury
|
0-0: Called Strike 0-1: SINGLE (Groundball, 5S, EV 66.2 MPH) (infield hit)
|
|
Pitching: RHP Ruben Requena
|
|
|
Batting: SHB Quincy Bradford
|
0-0: Fly out, F9 (Flyball, 9D, EV 102.5 MPH)
|
|
Batting: LHB Tom Butterbaugh
|
0-0: Fielders Choice at 2nd, 1-6 (Groundball, P, EV 69.4 MPH)
|
|
Batting: LHB R.J. O'Brien
|
0-0: Called Strike 0-1: Foul Ball, location: 2F 0-2: Strikes out swinging
|
| Top of the 7th over - 0 runs, 1 hit, 0 errors, 1 left on base; Oakland 8 - Minnesota 3 |
| BOTTOM OF THE 7TH |
|
Minnesota Twins batting - Pitching for Oakland Athletics : RHP Elijah Everett
|
|
Batting: RHB Matt Dunn
|
0-0: Ball 1-0: Swinging Strike 1-1: Ball 2-1: Ball 3-1: Base on Balls
|
|
Batting: RHB Will Leslie
|
0-0: Ball Matt Dunn steals 2nd base 1-0: Ball 2-0: Ball 3-0: Base on Balls
|
|
Batting: SHB Bran Stark
|
0-0: Ball 1-0: Fly out, F7 (Flyball, 7D, EV 101.2 MPH) Runner from 2nd tags up, SAFE at 3rd with throw by LF
|
|
Batting: LHB Harris Vink
|
0-0: Called Strike 0-1: Foul Ball, location: 2F 0-2: Ball 1-2: Strikes out swinging
|
|
Batting: RHB José Molina
|
0-0: Ball 1-0: Ball 2-0: SINGLE (Groundball, 56D, EV 98.8 MPH) Matt Dunn scores Will Leslie to second Runner from 2nd tries for 3rd, SAFE, throw by LF made to third
|
|
Pitching: RHP Germano Nunes
|
|
|
Batting: RHB Miguel Diaz
|
0-0: Called Strike 0-1: Ball 1-1: Called Strike 1-2: Ball 2-2: DOUBLE (Line Drive, 9LD, EV 103.8 MPH) Will Leslie scores José Molina to third Runner from 3rd tries for Home, throw by RF and OUT! 9-4-2
|
| Bottom of the 7th over - 2 runs, 2 hits, 0 errors, 1 left on base; Oakland 8 - Minnesota 5 |
| TOP OF THE 8TH |
|
Oakland Athletics batting - Pitching for Minnesota Twins : RHP Ruben Requena
|
|
Batting: RHB Garry Hash
|
0-0: Ball 1-0: Ball 2-0: Called Strike 2-1: Ball 3-1: Base on Balls
|
|
Batting: RHB Muneo Kawachi
|
0-0: Ball 1-0: Ball 2-0: DOUBLE (Line Drive, 5D, EV 94.4 MPH) Garry Hash to third Runner from 3rd tries for Home, SAFE, no throw by LF
|
|
Batting: RHB C.J. Beavers
|
0-0: SINGLE (Line Drive, 6D, EV 96.9 MPH) Muneo Kawachi to third
|
|
Batting: SHB Jerry Luckwell
|
0-0: Ball 1-0: Called Strike 1-1: Ball 2-1: Swinging Strike 2-2: Reached on error, E1 (Groundball, 25, EV 66.9 MPH) Muneo Kawachi scores C.J. Beavers to second
|
|
Batting: LHB Sakae Kasahara
|
0-0: Called Strike 0-1: Ball 1-1: Ball 2-1: Hit by Pitch C.J. Beavers to third Jerry Luckwell to second
|
|
Batting: RHB Randy Shrewsbury
|
0-0: Ball 1-0: Called Strike 1-1: Ball 2-1: Ball 3-1: Called Strike 3-2: Strikes out looking
|
|
Batting: SHB Quincy Bradford
|
0-0: Called Strike 0-1: Ball 1-1: Called Strike 1-2: Grounds into double play, 4-6-3 (Groundball, 4, EV 93.1 MPH)
|
| Top of the 8th over - 2 runs, 2 hits, 1 error, 2 left on base; Oakland 10 - Minnesota 5 |
| BOTTOM OF THE 8TH |
|
Minnesota Twins batting - Pitching for Oakland Athletics : RHP Germano Nunes
|
|
Batting: LHB Ryan Flynn Jr.
|
0-0: Called Strike 0-1: SINGLE (Groundball, 6MD, EV 103.8 MPH)
|
|
Batting: LHB Ricardo Batista
|
0-0: Ball 1-0: Grounds out, U3 (Groundball, 3L, EV 98.8 MPH)
|
|
Batting: RHB Miguel Gonzalez
|
0-0: Ball 1-0: Swinging Strike 1-1: Foul Ball, location: 2F 1-2: SINGLE (Line Drive, 8RS, EV 104.4 MPH) Ryan Flynn Jr. to third Runner from 3rd tries for Home, SAFE, throw by CF to home
|
|
Batting: RHB Matt Dunn
|
0-0: Ball 1-0: Grounds into double play, 5-4-3 (Groundball, 5, EV 94.4 MPH)
|
| Bottom of the 8th over - 1 run, 2 hits, 0 errors, 0 left on base; Oakland 10 - Minnesota 6 |
| TOP OF THE 9TH |
|
Oakland Athletics batting - Pitching for Minnesota Twins : RHP Ruben Requena
|
|
Pitching: RHP Jack Overbeek
|
|
|
Batting: LHB Tom Butterbaugh
|
0-0: Ball 1-0: Ball 2-0: Ground out 4-3 (Groundball, 4, EV 104.4 MPH)
|
|
Batting: LHB R.J. O'Brien
|
0-0: SOLO HOME RUN (Flyball, 89XD, EV 109.4 MPH), Distance : 415 ft
|
|
Batting: RHB Garry Hash
|
0-0: Ball 1-0: Called Strike 1-1: Swinging Strike 1-2: Strikes out swinging
|
|
Batting: RHB Muneo Kawachi
|
0-0: Swinging Strike 0-1: Ball 1-1: Ball 2-1: Swinging Strike 2-2: Ball 3-2: Foul Ball, location: 2F 3-2: Foul Ball, location: 2F 3-2: Base on Balls
|
|
Batting: RHB C.J. Beavers
|
0-0: Called Strike 0-1: Fly out, F8 (Line Drive, 8LD, EV 96.9 MPH)
|
| Top of the 9th over - 1 run, 1 hit, 0 errors, 1 left on base; Oakland 11 - Minnesota 6 |
| BOTTOM OF THE 9TH |
|
Minnesota Twins batting - Pitching for Oakland Athletics : RHP Germano Nunes
|
|
Batting: RHB Will Leslie
|
0-0: Ball 1-0: Ball 2-0: Foul Ball, location: 2F 2-1: Called Strike 2-2: SOLO HOME RUN (Line Drive, 7D, EV 96.2 MPH), Distance : 377 ft
|
|
Pitching: RHP Elijah Daniels
|
|
|
Batting: SHB Bran Stark
|
0-0: Foul Ball, location: 2F 0-1: Fly out, F7 (Flyball, 7LS, EV 94.4 MPH)
|
|
Batting: LHB Harris Vink
|
0-0: Foul Ball, location: 2F 0-1: Ball 1-1: Foul Ball, location: 2F 1-2: Strikes out swinging
|
|
Batting: RHB José Molina
|
0-0: Called Strike 0-1: Ball 1-1: Ball 2-1: Ball 3-1: DOUBLE (Groundball, 5L, EV 101.2 MPH)
|
|
Batting: RHB Miguel Diaz
|
0-0: Ball 1-0: Ball 2-0: Called Strike 2-1: Foul Ball, location: 2F 2-2: Ball 3-2: Foul Ball, location: 2F 3-2: Base on Balls
|
|
Batting: LHB Ryan Flynn Jr.
|
Balk! José Molina to third Miguel Diaz to second 0-0: Called Strike 0-1: Ground out 4-3 (Groundball, 4, EV 83.1 MPH)
|
| Bottom of the 9th over - 1 run, 2 hits, 0 errors, 2 left on base; Oakland 11 - Minnesota 7 |
|